 Dungeon Crawl Stone Soup version 0.15-a0-1579-gd26fec2 (console) character file.

130 Money the Chopper (level 5, -1/45 HPs)
             Began as a Hill Orc Fighter on June 19, 2014.
             Was an Initiate of Cheibriados.
             Killed from afar by an orc wizard (12 damage)
             ... with a puff of flame
             ... on Level 5 of the Dungeon.
             The game lasted 00:03:31 (633 turns).

Money the Chopper (Hill Orc Fighter)                 Turns: 633, Time: 00:03:31

HP  -1/45        AC  9     Str 21      XL: 5   Next: 14%
MP   7/7         EV  5     Int  9      God: Cheibriados [......]
Gold 29          SH  0     Dex 11      Spells:  0 memorised,  4 levels left

rFire  . . .     SeeInvis .     a - +0 war axe
rCold  . . .     Clarity  .     k - +0 chain mail
rNeg   . . .     rCorr    .     c - +0 shield
rPois  .         rRot     .     (no helmet)
rElec  .         Spirit   .     (no cloak)
SustAb .         Warding  .     (no gloves)
rMut   .         Stasis   .     (no boots)
Gourm  .                        (no amulet)
MR     .....                    (no ring)
                                (no ring)

@: confused, lethally poisoned, slow, not resistant to hostile enchantments,
extremely unstealthy
A: no striking features
a: Bend Time, Renounce Religion, Convert to Beogh


You were on level 5 of the Dungeon.
You worshipped Cheibriados.
Cheibriados was noncommittal.
You were not hungry.

You visited 2 branches of the dungeon, and saw 6 of its levels.

You collected 29 gold pieces.

Inventory:

Hand weapons
 a - a +0 war axe (weapon)
Armour
 b - a +0 scale mail
 c - a +0 shield (worn)
 h - a +2 leather armour
 j - a +0 ring mail
 k - a +0 chain mail (worn)
 l - a +0 scale mail
 n - a +2 robe of cold resistance
Comestibles
 d - a meat ration
 q - a slice of pizza
Scrolls
 o - a scroll of noise {unknown}
 r - a scroll of recharging {unknown}
Jewellery
 p - an uncursed ring of teleportation
Potions
 e - 2 potions of might
 i - a potion of resistance


   Skills:
 - Level 3.6 Fighting
 + Level 6.0 Axes
 - Level 3.2 Armour
 - Level 3.2 Shields
 + Level 2.7 Invocations


You had 4 spell levels left.
You didn't know any spells.

Dungeon Overview and Level Annotations

Branches:
Dungeon (5/15)             Temple (1/1) D:5

Altars:
Ashenzari
Cheibriados
Dithmenos
Elyvilon
Gozag
Makhleb
Nemelex Xobeh
Okawaru
Sif Muna
Trog
Xom
Zin
The Shining One

Shops:
D:2 *


Message History

Okay, then.
The orc wizard gestures wildly while chanting.
The orc wizard blinks!
The orc wizard gestures at you while chanting.
The puff of flame hits something.
Reactivating autopickup.
Your Axes skill increases to level 6!
You have reached level 5!
You feel stronger.
You feel a bit more experienced.
Ouch!
The orc wizard mumbles some strange words.
You feel a wave of unholy energy pass over you.
The orc wizard hits you but does no damage.
You are poisoned.
Ouch! You feel sick.
The orc wizard is no longer moving quickly.
The orc wizard points at you and mumbles some strange words.
The puff of flame hits you!
You die...

#.# #.# .# #.#
#.# .# #.# #.#
.# #.#
#.######.#
#.####...o.ooo#
#......oo###o.#
########o# #o.#
#o# #.ยง# #@#
#..# #.# #o.#
#.# #... #.#
##o# #.# .# #[.
. ###


You could see an orc priest, 2 orc wizards and 2 orcs.

Vanquished Creatures
  A hound (D:5)
  A worker ant (D:4)
  Jessica (D:2)
  A hound skeleton (D:4)
  An adder (D:2)
  A giant gecko (D:2)
  An orc (D:4)
  A bat (D:2)
  A hobgoblin (D:2)
  2 jackals (D:2)
  A kobold (D:3)
  A goblin (D:2)
  A hobgoblin skeleton (D:5)
  3 rats (D:2)
17 creatures vanquished.

Vanquished Creatures (others)
  An orc wizard (D:5)
1 creature vanquished.

Grand Total: 18 creatures vanquished

Notes
Turn   | Place    | Note
--------------------------------------------------------------
     0 | D:1      | Money, the Hill Orc Fighter, began the quest for the Orb.
     0 | D:1      | Reached XP level 1. HP: 19/19 MP: 1/1
    66 | D:2      | Reached XP level 2. HP: 26/26 MP: 2/2
   181 | D:2      | Reached skill level 4 in Axes
   319 | D:2      | Found an opulent altar of Gozag.
   319 | D:2      | Found Gozag's Platinum Reserve.
   321 | D:2      | Noticed Jessica
   330 | D:2      | Killed Jessica
   330 | D:2      | Reached XP level 3. HP: 27/31 MP: 3/3
   404 | D:2      | Reached skill level 5 in Axes
   445 | D:5      | Entered Level 5 of the Dungeon
   457 | D:5      | Found a staircase to the Ecumenical Temple.
   465 | Temple   | Entered the Ecumenical Temple
   505 | Temple   | Became a worshipper of Cheibriados the Contemplative
   529 | D:4      | Reached skill level 1 in Invocations
   529 | D:4      | Reached XP level 4. HP: 31/39 MP: 4/4
   630 | D:5      | Reached skill level 6 in Axes
   630 | D:5      | Reached XP level 5. HP: 12/45 MP: 7/7
   633 | D:5      | Killed from afar by an orc wizard

Action                   |  1- 3 |  4- 6 || total
-------------------------+-------+-------++-------
Melee: War axe           |    57 |    23 ||    80
  Use: Scroll            |       |     4 ||     4
